 Dungeon Crawl Stone Soup version 0.29-a0-982-gaed3a0c8d8 (webtiles) character file.

Game seed: 15637895399039322906

70 vurker the Sneak (level 4, -1/23 HPs)
             Began as a Vine Stalker Enchanter on Aug 1, 2022.
             Slain by an iguana (8 damage)
             ... on level 4 of the Dungeon.
             The game lasted 00:02:50 (3649 turns).

vurker the Sneak (Vine Stalker Enchanter)           Turns: 3649, Time: 00:02:51

Health: -1/23      AC:  2    Str: 12    XL:     4   Next: 21%
Magic:  0/8        EV: 12    Int: 15    God:
Gold:   127        SH:  0    Dex: 15    Spells: 7/7 levels left

rFire   . . .      SeeInvis .   a - +1 dagger
rCold   + . .      Faith    .   (no shield)
rNeg    . . .      Spirit   +   b - +0 robe
rPois   .          Reflect  .   (no helmet)
rElec   .          Harm     .   (no cloak)
rCorr   .          Rampage  .   (no gloves)
Will    .....                   (no boots)
Stlth   ++........              l - amulet of the acrobat
HPRegen 0.87/turn               u - ring of protection from cold
MPRegen 0.11/turn               (no ring)

@: no status effects
A: fangs 2, regeneration 1, magic shield, antimagic bite, no potion heal 2
a: no special abilities


You were on level 4 of the Dungeon.
You visited 1 branch of the dungeon, and saw 4 of its levels.

You collected 127 gold pieces.

Inventory:

Hand Weapons
 a - a +1 dagger (weapon)
 o - the +9 falchion "Qaesm" {venom, rC- rCorr Dex-5 SInv Stlth+}
   (You found it on level 2 of the Dungeon)

   It poisons the flesh of those it strikes.
   Dex:       It affects your dexterity (-5).
   rC:        It makes you vulnerable to cold.
   SInv:      It lets you see invisible.
   rCorr:     It protects you from acid and corrosion.
   Stlth:     It makes you more stealthy.
Armour
 b - a +0 robe (worn)
 r - a +0 chain mail
   (You found it on level 3 of the Dungeon)
Jewellery
 l - an amulet of the acrobat (around neck)
   (You found it on level 2 of the Dungeon)
 u - a ring of protection from cold (left hand)
   (You found it on level 3 of the Dungeon)
Wands
 s - a wand of polymorph (11)
   (You found it on level 3 of the Dungeon)
Scrolls
 d - a scroll of butterflies {unknown}
 e - a scroll of amnesia {unknown}
 f - a scroll of vulnerability {unknown}
 h - a scroll of enchant armour {unknown}
 k - a scroll of poison {unknown}
 p - a scroll of blinking {unknown}
 q - a scroll of identify {unknown}
Potions
 c - 2 potions of invisibility
 g - 3 potions of might {unknown}
 i - a potion of attraction {unknown}
 j - 2 potions of flight {unknown}
 m - a potion of curing {unknown}
 n - a potion of mutation {unknown}
 t - a potion of haste {unknown}


   Skills:
 + Level 1.6 Fighting
 - Level 0.8 Short Blades
 - Level 1.5 Dodging
 - Level 3.6 Stealth
 * Level 3.0 Unarmed Combat
 - Level 2.1 Spellcasting
 - Level 3.0 Hexes


You had 7 spell levels left.
You didn't know any spells.
Your spell library contained the following spells:

 Spells                   Type           Power      Damage    Failure   Level
 Ensorcelled Hibernation  Hex/Ice        12%        N/A       19%         2
 Confusing Touch          Hex            10%        N/A       19%         3
 Tukima's Dance           Hex            10%        N/A       19%         3
 Blink                    Tloc           2%         N/A       32%         2
 Dazzling Flash           Conj/Hex       12%        N/A       34%         3
 Summon Mana Viper        Hex/Summ       6%         N/A       97%         5
 Manifold Assault         Tloc           1%         N/A       99%         5
 Summon Forest            Summ/Tloc      0%         N/A       99%         5
 Summon Cactus Giant      Summ           0%         N/A       100%        6
 Storm Form               Tmut/Air       0%         N/A       100%        7


Dungeon Overview and Level Annotations

Branches:
Dungeon (4/15)
 Temple: D:4-7

Altars:
Xom


Innate Abilities, Weirdness & Mutations

You have extremely sharp teeth.
Your natural rate of healing is unusually fast.
When hurt, damage is shared between your health and your magic reserves.
Your bite disrupts and absorbs the magic of your enemies.
Potions cannot restore your health.


Message History

You hit the goblin.
You kill the goblin!
Your Unarmed Combat skill increases to level 3!
Things that are here:
a +0 short sword; 2 boomerangs You now have 127 gold pieces (gained 19).
j - 2 lumpy green potions (gained 1)
You open the door.
There is an open door here.
Found a stone staircase leading down.
Found 13 gold pieces.
A hobgoblin comes into view.
Found a knobbly agate ring.
A hobgoblin is nearby!
A hobgoblin is nearby!
The hobgoblin shouts!
You hit the hobgoblin. You bite the hobgoblin. You drain its power.
The hobgoblin misses you.
You barely miss the hobgoblin. Your bite misses the hobgoblin.
The hobgoblin completely misses you.
You hit the hobgoblin but do no damage. The hobgoblin hits you.
You hit the hobgoblin but do no damage. Your bite misses the hobgoblin.
The hobgoblin hits you.
You hit the hobgoblin.
You kill the hobgoblin!
No target in view!
No target in view!
No target in view!
No target in view!
No target in view!
No target in view!
No target in view!
Found 9 gold pieces.
An iguana comes into view.
Found 14 gold pieces.
The iguana hisses angrily.
You see here a +4 ring of evasion.
An iguana is nearby!
You see here a hobgoblin corpse.
Okay, then.
You hit the iguana but do no damage. You bite the iguana, but do no damage.
The iguana misses you.
You barely miss the iguana. Your bite misses the iguana. The iguana bites you!
You hit the iguana but do no damage. You bite the iguana, but do no damage.
The iguana bites you!
* * * LOW HITPOINT WARNING * * *
You barely miss the iguana. The iguana closely misses you.
You hit the iguana but do no damage. The iguana barely misses you.
You completely miss the iguana. The iguana bites you!
You die...

..........# ##..##......#+#
..........# #.>....###.#
.......=.l# #####..#...#
..........# #..#.#.# #
........†.# #..#.###..#
....$.....+ #..#......#
..........# #.........#
..........###########.######.#
#######.....l@........# .
#################


You could see an iguana.

Vanquished Creatures
  An adder (D:3)
  A dart slug (D:1)
  An orc (D:4)
  6 ball pythons
  8 endoplasms
  A giant cockroach (D:3)
  6 goblins
  3 hobgoblins
  7 jackals
  3 bats
  9 frilled lizards
  7 kobolds
  2 rats
55 creatures vanquished.

Notes
Turn   | Place    | Note
-------+----------+-------------------------------------------
     0 | D:1      | vurker the Vine Stalker Enchanter began the quest for the
                  | Orb.
     0 | D:1      | Reached XP level 1. HP: 9/9 MP: 4/4
   135 | D:1      | Reached skill level 1 in Unarmed Combat
   137 | D:1      | Reached XP level 2. HP: 12/14 MP: 6/6
   747 | D:1      | Found a faded altar of an unknown god.
   788 | D:1      | Reached skill level 1 in Fighting
  1228 | D:1      | Reached XP level 3. HP: 18/18 MP: 7/7
  2570 | D:2      | Identified the +9 falchion "Qaesm" {venom, rC- rCorr Dex-5
                  | SInv Stlth+}
  3315 | D:3      | Found a shimmering altar of Xom.
  3387 | D:3      | Gained mutation: Your natural rate of healing is unusually
                  | fast. [Vine Stalker growth]
  3387 | D:3      | Reached XP level 4. HP: 13/22 MP: 4/8
  3649 | D:4      | Slain by an iguana

Illustrated notes

Levels and vault maps discovered:
D:1:      lightli_arrival_boilingwater, layout_basic,
          ebering_ecumenical_altar_petrified, patterned_corridor
D:2:      layout_basic
D:3:      layout_rooms, mainiacjoe_overflow_concentric_impassable
D:4:      layout_basic, grunt_qazlal_clouds, minmay_temple_entry_poolview,
          serial_shops, nicolae_shop_waterfront, kennysheep_little_box,
          shop_statue

Skill      XL: |  1  2  3  4 |
---------------+-------------+-----
Unarmed Combat | 1 2 3 |  3.0
Fighting       | 1 |  1.6
Short Blades   | |  0.8
Dodging        | |  1.5
Stealth        | |  3.6
Spellcasting   | |  2.1
Hexes          | |  3.0

Action                   |  1- 3 |  4- 6 || total
-------------------------+-------+-------++-------
Melee: Dagger            |   143 |    20 ||   163
       Bite              |    30 |     5 ||    35
       Punch             |     1 |       ||     1
 Stab: Sleeping          |    11 |       ||    11
Armor: Robe              |    23 |     1 ||    24
Dodge: Dodged            |    95 |     9 ||   104

Table legend: (Time is in decaauts)
 A = Elapsed time spent in this place.
 B = Non-inter-level travel time spent in this place.
 C = Inter-level travel time spent in this place.
 D = Time resting spent in this place.
 E = Time spent auto-exploring this place.
 F = Levels seen in this place.
 G = Mean time per level.
                   A        B        C        D        E       F      G
               +--------+--------+--------+--------+--------+-----+--------+
         Total |   3646 |   3593 |     53 |      0 |   3125 |   4 |  911.5 |
       Dungeon |   3646 |   3593 |     53 |      0 |   3125 |   4 |  911.5 |
               +--------+--------+--------+--------+--------+-----+--------+

Top non-repeatable levels by time:
     D:1: 1971 daAuts
     D:3: 780 daAuts
     D:2: 780 daAuts
     D:4: 114 daAuts
